 Dungeon Crawl Stone Soup version 0.22.1-1-ga44c0e56f4 (webtiles) character file.

8348 Ihlosi the Fighter (level 11, -11/91 HPs)
             Began as a Human Gladiator on Nov 10, 2018.
             Was a Believer of the Shining One.
             Killed from afar by an ice dragon (48 damage)
             ... with a blast of cold
             ... in an ice cave.
             The game lasted 00:46:44 (15072 turns).

Ihlosi the Fighter (Human Gladiator)               Turns: 15072, Time: 00:46:44

Health: -11/91     AC: 14    Str: 20    XL:     11   Next: 54%
Magic:  0/15       EV: 15    Int:  9    God:    the Shining One [**....]
Gold:   657        SH:  0    Dex: 17    Spells: 10/10 levels left

rFire    . . .     SeeInvis .   a - +4 falchion
rCold    . . .     Gourm    .   (no shield)
rNeg     + . .     Faith    .   E - +2 ring mail {rPois}
rPois    +         Spirit   +   C - +2 helmet
rElec    .         Reflect  .   (no cloak)
rCorr    .         Harm     .   (no gloves)
MR       .....                  D - +0 pair of boots
Stlth    +.........             r - amulet of guardian spirit
HPRegen  0.25/turn              g - +2 ring of protection
MPRegen  0.14/turn              q - +5 ring of strength

@: glowing
A: no striking features
a: Divine Shield, Renounce Religion


You were in an ice cave.
You worshipped the Shining One.
The Shining One was pleased with you.
You were not hungry.

You visited 3 branches of the dungeon, and saw 12 of its levels.
You also visited: Ossuary and Ice Cave.

You collected 904 gold pieces.
You spent 247 gold pieces at shops.

Inventory:

Hand Weapons
 a - a +4 falchion (weapon)
 k - a +1 long sword
 l - a +1 vampiric hand axe
 y - a +2 antimagic whip
Armour
 b - a +0 hat of see invisible
 C - a +2 helmet (worn)
 D - a +0 pair of boots (worn)
 E - a +2 ring mail of poison resistance (worn)
Jewellery
 d - the amulet of the Four Winds {rN+ MR+++ Clar}
   (You found it in an ice cave)

   [amulet of nothing]

   It protects you from negative energy.
   It affects your resistance to hostile enchantments.
   It protects you against confusion.
 g - a +2 ring of protection (left hand)
 i - the cursed ring "Put-Me-On" {*Drain rC+ Str+3 Dex-2, unknown}
   (You found it in an ice cave)

   [ring of dexterity]

   It affects your strength (+3).
   It affects your dexterity (-2).
   It protects you from cold.
   It causes draining when unequipped.
   It has a curse placed upon it.
 j - an uncursed ring of positive energy
 q - a +5 ring of strength (right hand)
 r - an amulet of guardian spirit (around neck)
 A - an uncursed ring of poison resistance
Wands
 c - a wand of iceblast (7)
 x - a wand of digging (9)
Scrolls
 e - 10 scrolls of identify
 h - 3 scrolls of remove curse
 n - 3 scrolls of enchant weapon
 p - 6 scrolls of teleportation
 u - a scroll of blinking
 w - a scroll of amnesia
 z - a scroll of immolation
Potions
 m - 4 potions of mutation
 v - a potion of flight
 B - 2 potions of degeneration
Comestibles
 f - 9 rations


   Skills:
 * Level 10.2 Fighting
 + Level 9.9 Long Blades
 - Level 2.0 Throwing
 + Level 5.7 Armour
 + Level 6.9 Dodging
 - Level 1.0 Stealth
 * Level 6.1 Invocations
 - Level 1.0 Evocations


You had 10 spell levels left.
You didn't know any spells.
Your spell library contained the following spells:

 Spells                   Type           Power        Failure   Level  Hunger
 Confusing Touch          Hex            #.....       54%         1    ##.....
 Magic Dart               Conj           #...         54%         1    ##.....
 Searing Ray              Conj           #.....       69%         2    ###....
 Confuse                  Hex            #.......     89%         3    ####...
 Dazzling Spray           Conj/Hex       #.....       89%         3    ####...
 Gell's Gravitas          Tloc           #.........   89%         3    ####...
 Force Lance              Conj/Tloc      #.......     100%        4    #####..
 Fulminant Prism          Conj/Hex       #.........   100%        4    #####..
 Iskenderun's Mystic Bla  Conj           #.......     100%        4    #####..
 Petrify                  Tmut/Erth      #.......     100%        4    #####..
 Metabolic Englaciation   Hex/Ice        #.........   100%        5    ######.
 Yara's Violent Unravell  Hex/Tmut       #.........   100%        5    ######.


Dungeon Overview and Level Annotations

Branches:
Dungeon (10/15)            Temple (1/1) D:7            Lair (1/6) D:10
    Orc: D:9-12

Altars:
Ashenzari
Cheibriados
Dithmenos
Elyvilon
Fedhas
Gozag
Hepliaklqana
Kikubaaqudgha
Makhleb
Nemelex Xobeh
Okawaru
Qazlal
Ru
Sif Muna
Trog
Uskayaw
Vehumet
Wu Jian
Xom
Yredelemnul
Zin
The Shining One

Shops:
D:4 [   D:9 [

Annotations:
D:9 Unfinished, Psyche
Lair:1 exclusion: oklob plant


Message History

Press: ? - help, v - describe, . - travel, g - get item A sparkling amber ring.
The floor.
This square is lit by a halo.
You see here a tiny lapis lazuli amulet.
You see here a sparkling amber ring.
i - a sparkling amber ring You see here a marble ring.
The ice dragon barely misses you.
You riposte.
You hit the ice dragon but do no damage.
The ice dragon is lightly wounded.
The ice dragon claws you! The ice dragon barely misses you.
You see here a ring of poison resistance.
The ice dragon breathes frost at you.
The blast of cold hits the ice dragon.
The ice dragon resists.
The blast of cold misses you. The ice dragon breathes frost at you.
The blast of cold hits you!
Ouch! That really hurt!
You die...

##..### #..##.####
##....##≈##
###..#≈≈≈#
#####.#≈≈###
#≈≈≈≈≈≈≈≈≈≈#
≈≈≈≈≈≈≈≈≈≈≈≈##
≈≈≈≈≈≈≈≈≈≈≈## ###
#########≈#@#
#.####$$$$$$$##Y.#
Y..#$$$$$$..$.=D##
##.##$$$$....YD==#
#..###$$......$.##
..##.###......###
..Y...#.....###
###......####
########


You could see 2 ice dragons and 2 ice beasts.

Vanquished Creatures
  2 ice statues (IceCv)
  Maurice (D:9)
  Joseph (D:9)
  2 rime drakes (IceCv)
  A hornet (D:9)
  Grinder (D:6)
  2 hippogriffs
  2 hungry ghosts (D:7)
  Menkaure (D:5)
  A water moccasin (Lair:1)
  An orc warrior (D:8)
  21 ice beasts
  A sky beast (D:5)
  A phantom (D:4)
  4 ogres
  3 centaurs
  3 crocodiles (Lair:1)
  Blork the orc (D:6)
  9 bullfrogs
  A scorpion (D:8)
  A water moccasin zombie (D:9)
  8 killer bees
  A howler monkey (D:10)
  2 crimson imps
  A centaur zombie (D:9)
  A bullfrog zombie (D:9)
  5 orc priests
  4 hounds
  3 bullfrog skeletons
  A gnoll shaman (D:6)
  A centaur skeleton (D:7)
  2 iguanas
  3 orc wizards
  Terence (D:2)
  Natasha (D:3)
  5 worker ants
  A hound zombie (D:7)
  8 mummies (Ossuary)
  Robin (D:3)
  6 gnolls
  A howler monkey skeleton (D:4)
  9 adders
  3 shadow imps
  A worm zombie (D:5)
  An adder skeleton (D:7)
  2 worms
  3 dart slugs
  A leopard gecko (D:2)
  21 orcs
  3 ball pythons
  7 giant cockroaches
  2 gnoll zombies (Ossuary)
  18 goblins
  11 hobgoblins
  11 jackals
  5 quokkas
  8 bats
  6 frilled lizards
  4 hobgoblin zombies
  8 kobolds
  3 kobold zombies (Ossuary)
  A quokka skeleton (D:3)
  11 rats
  A rat zombie (D:5)
256 creatures vanquished.

Notes
Turn   | Place    | Note
-------+----------+-------------------------------------------
     0 | D:1      | Ihlosi the Human Gladiator began the quest for the Orb.
     0 | D:1      | Reached XP level 1. HP: 16/16 MP: 1/1
    88 | D:1      | Reached skill level 1 in Stealth
    88 | D:1      | Reached XP level 2. HP: 14/22 MP: 2/2
   453 | D:1      | Reached XP level 3. HP: 22/28 MP: 3/3
   467 | D:1      | Reached skill level 3 in Fighting
   962 | D:2      | Reached skill level 1 in Armour
   997 | D:2      | Reached XP level 4. HP: 35/35 MP: 4/4
  1057 | D:2      | Reached skill level 4 in Fighting
  1517 | D:2      | Reached XP level 5. HP: 40/42 MP: 5/5
  2175 | D:2      | Noticed Terence
  2182 | D:2      | Killed Terence
  2356 | D:2      | Found a shadowy altar of Dithmenos.
  2702 | D:3      | Reached XP level 6. HP: 50/50 MP: 6/6
  2872 | D:3      | Reached skill level 5 in Fighting
  3185 | D:3      | Noticed Natasha
  3196 | D:3      | Killed Natasha
  3215 | D:3      | Noticed Robin
  3233 | D:3      | Killed Robin
  3862 | D:4      | Noticed a phantom
  3882 | D:4      | Noticed an ogre
  4093 | D:4      | Noticed an ogre
  4335 | D:4      | Killed an ogre
  4335 | D:4      | Reached skill level 6 in Fighting
  4335 | D:4      | Reached XP level 7. HP: 55/58 MP: 7/7
  4337 | D:4      | Found Osibi's Armour Shoppe.
  4484 | D:4      | Found a radiant altar of Vehumet.
  4592 | D:4      | Found a glowing silver altar of Zin.
  4596 | D:4      | Found a blossoming altar of Fedhas.
  4600 | D:4      | Found a basalt altar of Yredelemnul.
  4917 | D:5      | Entered Level 5 of the Dungeon
  5144 | D:5      | Found a sand-covered staircase.
  5163 | Ossuary  | Entered an ossuary
  5339 | Ossuary  | Reached XP level 8. HP: 44/65 MP: 8/8
  5730 | D:5      | Found a bloodstained altar of Trog.
  6296 | D:5      | Found a white marble altar of Elyvilon.
  6416 | D:5      | Noticed Menkaure
  6426 | D:5      | Killed Menkaure
  6426 | D:5      | Reached skill level 5 in Long Blades
  6445 | D:6      | Reached skill level 7 in Fighting
  6761 | D:6      | Noticed Blork the orc
  6771 | D:6      | Killed Blork the orc
  6825 | D:6      | Reached XP level 9. HP: 37/72 MP: 9/9
  6993 | D:6      | Found an ornate altar of the Wu Jian Council.
  7076 | D:6      | Found a sacrificial altar of Ru.
  7270 | D:6      | Noticed Grinder
  7281 | D:6      | Killed Grinder
  7599 | D:7      | Got a shimmering plate armour
  7600 | D:7      | Identified the cursed +1 plate armour "Aceyn" {*Drain +Inv
                  | rElec} (You found it on level 7 of the Dungeon)
  7735 | D:7      | Found a staircase to the Ecumenical Temple.
  7749 | Temple   | Entered the Ecumenical Temple
  7967 | Temple   | Became a worshipper of the Shining One
  8248 | D:7      | Reached skill level 1 in Invocations
  8580 | D:7      | Reached skill level 5 in Dodging
  9001 | D:8      | Reached XP level 10. HP: 74/80 MP: 11/11
  9074 | D:8      | Reached skill level 8 in Fighting
  9868 | D:9      | Noticed Maurice
 10005 | D:9      | Noticed Joseph
 10022 | D:9      | Killed Joseph
 10072 | D:9      | Noticed Psyche
 10592 | D:9      | Reached * piety under the Shining One
 10972 | D:9      | Reached skill level 5 in Armour
 11013 | D:9      | Found Zigevo's Armour Boutique.
 11017 | D:9      | Bought a +0 pair of boots for 49 gold pieces
 11022 | D:9      | Bought a +2 ring mail of poison resistance for 198 gold
                  | pieces
 11141 | D:10     | Entered Level 10 of the Dungeon
 11525 | D:9      | Killed Maurice
 11811 | D:10     | Noticed a death yak
 11813 | D:10     | Noticed a death yak
 11815 | D:10     | Noticed a death yak
 11815 | D:10     | Reached skill level 9 in Fighting
 11824 | D:10     | Found a staircase to the Lair.
 11832 | Lair:1   | Entered Level 1 of the Lair of Beasts
 11836 | Lair:1   | Noticed an oklob plant
 11992 | Lair:1   | Reached skill level 5 in Invocations
 12050 | Lair:1   | Found a frozen archway.
 12080 | Lair:1   | Reached skill level 1 in Evocations
 12080 | Lair:1   | Reached XP level 11. HP: 47/89 MP: 14/14
 12304 | IceCv    | Entered an ice cave
 12379 | IceCv    | Reached skill level 10 in Fighting
 12701 | IceCv    | Reached ** piety under the Shining One
 14990 | IceCv    | Noticed an ice dragon
 15058 | IceCv    | Found the amulet of the Four Winds {rN+ MR+++ Clar}
 15058 | IceCv    | Noticed an ice dragon
 15068 | IceCv    | Got a sparkling amber ring
 15072 | IceCv    | Killed from afar by an ice dragon

Skill      XL: |  1  2  3  4  5  6  7  8  9 10 11 |
---------------+----------------------------------+-----
Stealth        | 1 |  1.0
Fighting       | 3 4 6 7 9 10 | 10.2
Armour         | 1 2 3 4 5 |  5.7
Long Blades    | 6 8 9 |  9.9
Dodging        | 4 5 6 |  6.9
Invocations    | 2 5 6 |  6.1
Evocations     | 1 |  1.0
Throwing       | |  2.0

Action                   |  1- 3 |  4- 6 |  7- 9 | 10-12 || total
-------------------------+-------+-------+-------+-------++-------
Melee: Long sword        |    78 |   183 |       |       ||   261
       Dagger            |       |    38 |       |       ||    38
       Falchion          |       |    16 |   302 |   440 ||   758
Throw: Throwing net      |       |     3 |       |     8 ||    11
Evoke: Wand              |       |       |       |     6 ||     6
  Use: Scroll            |       |     4 |     4 |    12 ||    20
       Potion            |       |     5 |     9 |     7 ||    21
 Stab: Sleeping          |       |     4 |     4 |       ||     8
       Held in net/web   |       |     1 |       |       ||     1
       Distracted        |       |     1 |     1 |       ||     2
       Invisible         |       |       |     1 |       ||     1
  Eat: Chunk             |       |     9 |     9 |     6 ||    24
       Ration            |       |     1 |     2 |     5 ||     8
Armor: Leather armour    |    21 |    54 |    36 |    12 ||   123
       Skin              |       |    32 |       |       ||    32
       Ring mail         |       |       |       |   135 ||   135
Dodge: Dodged            |    64 |   176 |   179 |   324 ||   743
       Rpst.: Long sword |    25 |    39 |       |       ||    64
       Falchion          |       |     2 |    62 |   103 ||   167
